 Dungeon Crawl Stone Soup version 0.31-a0-233-g139696dc86 (webtiles) character file.

Game seed: 5228746703437821077

92 qw the Shooter (level 4, -1/37 HPs)
             Began as a Minotaur Hexslinger on July 7, 2023.
             Succumbed to a gnoll sergeant's poison
             ... on level 2 of the Dungeon.
             The game lasted 00:00:25 (901 turns).

qw the Shooter (Minotaur Hexslinger)                 Turns: 901, Time: 00:00:25

Health: -1/37      AC:  6    Str: 13    XL:     4   Next: 35%
Magic:  4/4        EV: 11    Int: 10    God:
Gold:   37         SH:  0    Dex: 14    Spells: 4/5 levels left

rFire   . . .        Y - +1 sling (chaos)
rCold   . . .        (no shield)
rNeg    . . .        g - +0 ring mail
rPois   .            (helmet restricted)
rElec   .            (no cloak)
rCorr   .            n - +0 pair of gloves
SInv    .            (no boots)
Will    .....        (no amulet)
Stlth   +            (no ring)
HPRegen 0.26/turn    (no ring)
MPRegen 0.09/turn

%: no passive effects
@: lethally poisoned (-1 -> -9), about to teleport
A: horns 2, retaliatory headbutt
a: no special abilities


You were on level 2 of the Dungeon.
You visited 1 branch of the dungeon, and saw 2 of its levels.

You collected 37 gold pieces.


Innate Abilities, Weirdness & Mutations

You have a pair of horns on your head.
You reflexively headbutt those who attack you in melee.


   Skills:
 - Level 2.4 Fighting
 + Level 4.5 Ranged Weapons
 - Level 1.0 Armour
 - Level 2.1 Dodging
 - Level 1.0 Spellcasting
 - Level 2.0 Hexes


You had 4 spell levels left.
You knew the following spells:

 Your Spells              Type           Power      Damage    Failure   Level
a - Slow                  Hex            16%        N/A       32%         1

Your spell library contained the following spells:

 Spells                   Type           Power      Damage    Failure   Level
 Inner Flame              Hex/Fire       2%         N/A       82%         3
 Portal Projectile        Hex/Tloc       4%         N/A       82%         3
 Cause Fear               Hex            2%         N/A       97%         4

Inventory:

Hand Weapons
 Y - a +1 sling of chaos (weapon)
Armour
 g - a +0 ring mail (worn)
 n - a +0 pair of gloves (worn)
Potions
 d - a potion of curing
 f - a potion of haste
 i - a potion of magic {unknown}
 j - a potion of mutation {unknown}
 l - a potion of cancellation {unknown}
 o - a potion of heal wounds {unknown}

Dungeon Overview and Level Annotations

Branches:
Dungeon (2/15)

Altars:


Message History

You hear a shout!
You shoot a sling bullet. The sling bullet hits the gnoll.
The sling bullet freezes the gnoll.
The gnoll is severely wounded.
You shoot a sling bullet. The sling bullet hits the gnoll.
The sling bullet burns the gnoll.
You kill the gnoll!
You shoot a sling bullet.
The sling bullet closely misses the gnoll.
The sling bullet hits the gnoll.
The gnoll is moderately wounded.
You shoot a sling bullet.
The sling bullet completely misses the gnoll. x2
The sling bullet hits the gnoll sergeant.
The sling bullet freezes the gnoll sergeant.
The gnoll sergeant is moderately wounded.
The gnoll hits you with the +5 woodcutter's axe!
You shoot a sling bullet. The sling bullet hits the gnoll.
The gnoll resists with some effort.
The gnoll is moderately wounded.
The gnoll closely misses you.
You shoot a sling bullet. The sling bullet hits the gnoll!
The gnoll resists with some effort.
The gnoll is almost dead.
The gnoll hits you with the +5 woodcutter's axe!
You shoot a sling bullet. The sling bullet hits the gnoll.
The sling bullet burns the gnoll.
You kill the gnoll!
The gnoll sergeant hits you from afar with a +5 spear of venom!
You are lethally poisoned!
900 ||| READING scroll of teleportation.
As you read the scroll of teleportation, it crumbles to dust.
You feel strangely unstable.
You feel very sick. The gnoll sergeant barely misses you.
You shoot a sling bullet.
The sling bullet hits the gnoll sergeant.
The sling bullet freezes the gnoll sergeant.
The gnoll sergeant is moderately wounded.
You die...

.. 7..)77###
....gg)@###
....77#)..# ) ###.#
#.# ### #.# ## ##.#
#.# ..#########..#
#.#
.........#.#######.#
...........#
#....##############


You could see a gnoll sergeant and a gnoll.

Vanquished Creatures
  6 gnolls
  2 adders (D:2)
  An endoplasm (D:1)
  A goblin (D:1)
  5 hobgoblins (D:1)
  A bat (D:1)
  3 kobolds (D:1)
19 creatures vanquished.

Vanquished Creatures (others)
  An adder zombie (D:2)
1 creature vanquished.

Grand Total: 20 creatures vanquished

Notes
Turn   | Place    | Note
-------+----------+-------------------------------------------
     0 | D:1      | qw the Minotaur Hexslinger began the quest for the Orb.
     0 | D:1      | Reached XP level 1. HP: 16/16 MP: 1/1
     0 | D:1      | 0 ||| qw: Version: 0.3-a-46-gb1f654a
     0 | D:1      | 0 ||| qw: Game counter: 3087
     0 | D:1      | 0 ||| qw: Melee chars always use a shield: true
     0 | D:1      | 0 ||| qw: God list: Okawaru
     0 | D:1      | 0 ||| qw: Allow faded altars: false
     0 | D:1      | 0 ||| qw: Do Orc after clearing Dungeon:15 true
     0 | D:1      | 0 ||| qw: Do second Lair branch before Depths: true
     0 | D:1      | 0 ||| qw: Lair rune preference: random
     0 | D:1      | 0 ||| qw: Goals: Normal
     0 | D:1      | 0 ||| PLANNING D:1-11
   291 | D:1      | Reached skill level 3 in Ranged Weapons
   291 | D:1      | Reached XP level 2. HP: 23/23 MP: 2/2
   580 | D:1      | 580 ||| UPGRADING to +0 ring mail.
   590 | D:1      | 590 ||| DROPPING +0 robe.
   591 | D:1      | 591 ||| UPGRADING to +0 pair of gloves.
   596 | D:1      | 596 ||| READING scroll labelled GONOAJUEPA.
   597 | D:1      | 597 ||| READING scroll labelled TOUROPSOIMEH.
   600 | D:1      | 600 ||| READING scroll labelled UVORAODI ZETU.
   601 | D:1      | 601 ||| READING scroll labelled DOOSAE PAOGU.
   602 | D:1      | 602 ||| DRINKING 2 lumpy ruby potions.
   603 | D:1      | 603 ||| DROPPING scroll of poison.
   694 | D:2      | Reached XP level 3. HP: 30/30 MP: 3/3
   752 | D:2      | 752 ||| FLEEEEING.
   753 | D:2      | 753 ||| FLEEEEING.
   754 | D:2      | 754 ||| FLEEEEING.
   755 | D:2      | 755 ||| FLEEEEING.
   756 | D:2      | 756 ||| FLEEEEING.
   757 | D:2      | 757 ||| FLEEEEING.
   758 | D:2      | 758 ||| FLEEEEING.
   759 | D:2      | 759 ||| FLEEEEING.
   760 | D:2      | 760 ||| FLEEEEING.
   765 | D:2      | 765 ||| FLEEEEING.
   766 | D:2      | 766 ||| FLEEEEING.
   767 | D:2      | 767 ||| FLEEEEING.
   768 | D:2      | 768 ||| FLEEEEING.
   769 | D:2      | 769 ||| FLEEEEING.
   770 | D:2      | 770 ||| FLEEEEING.
   771 | D:2      | 771 ||| FLEEEEING.
   772 | D:2      | 772 ||| FLEEEEING.
   773 | D:2      | 773 ||| FLEEEEING.
   776 | D:2      | 776 ||| STAIRDANCE
   827 | D:1      | 827 ||| DRINKING 2 orange potions.
   837 | D:2      | 837 ||| STAIRDANCE
   840 | D:1      | Reached skill level 4 in Ranged Weapons
   888 | D:2      | Noticed a gnoll sergeant
   891 | D:2      | Reached skill level 1 in Armour
   891 | D:2      | Reached XP level 4. HP: 37/37 MP: 4/4
   899 | D:2      | HP: 4/37 [gnoll sergeant/+5 spear of venom (10)]
   900 | D:2      | 900 ||| READING scroll of teleportation.
   901 | D:2      | Succumbed to a gnoll sergeant's poison

Levels and vault maps discovered:
D:1:      dpeg_arrival_arbitrary_c, layout_basic
D:2:      layout_basic, basic_altar, hellmonk_ecumenical_altar_heavens_door,
          minmay_misc_feat_more_columns, serial_bayou_lagoon_a,
          pf_guarded_unrand_woodcutter, uniq_jessica

Skill      XL: |  1  2  3 |
---------------+----------+-----
Ranged Weapons | 3 4 |  4.5
Fighting       | 2 |  2.4
Armour         | 1 |  1.0
Dodging        | |  2.1
Spellcasting   | |  1.0
Hexes          | |  2.0

Action                     |  1- 3 |  4- 6 || total
---------------------------+-------+-------++-------
   Fire: Sling             |    68 |    10 ||    78
    Use: Scroll            |     4 |     1 ||     5
         Potion            |     2 |       ||     2
 Armour: Robe              |     1 |       ||     1
         Ring mail         |     3 |       ||     3
  Dodge: Dodged            |    24 |     2 ||    26

Table legend:
 A = Non-vault XP
 B = Vault XP
 C = Vault XP percentage of total XP
 D = Non-vault monster count
 E = Vault monster count
 F = Vault count percentage of total count
                 A         B        C        D         E       F
            +---------+---------+-------+---------+---------+-------
      Total |      46 |      86 |  65.2 |      13 |       6 |  31.6
            +---------+---------+-------+---------+---------+-------
        D:1 |      20 |      15 |  42.9 |      11 |       1 |   8.3
        D:2 |      26 |      71 |  73.2 |       2 |       5 |  71.4
            +---------+---------+-------+---------+---------+-------
